 Dungeon Crawl Stone Soup version 0.32-a0-135-g14f8b2e1af (webtiles) character file.

Game seed: 8373178035095465458

94182 vcxz the Scorcher (level 16, -12/153 HPs)
             Began as a Naga Wanderer on Feb 10, 2024.
             Was a High Priest of Okawaru.
             Mangled by a naga warrior
             ... wielding a +0 long sword
              (42 damage)
             ... on level 2 of the Snake Pit.
             The game lasted 01:40:17 (36915 turns).

vcxz the Scorcher (Naga Wanderer)                  Turns: 36915, Time: 01:40:18

Health: -12/153    AC: 33    Str: 23    XL:     16   Next: 10%
Magic:  2/31       EV: 11    Int: 30    God:    Okawaru [*****.]
Gold:   2169       SH:  5    Dex:  6    Spells: 17/38 levels left

rFire   . . .        w - +3 whip (vamp)
rCold   . . .        (no shield)
rNeg    + + .        A - +3 troll leather armour
rPois   +            U - +2 helmet
rElec   +            m - +2 cloak of the Valley of Death {Will+}
rCorr   .            J - +0 pair of gloves "Jyoduav" {Harm rElec rN+ Str+4}
SInv    +            y - +10 Black Knight's barding {ponderous, rPois rN+}
Will    +++..        x - amulet of reflection
Stlth   +            o - +5 ring of evasion
HPRegen 1.25/turn    X - ring "Ilezas" {Fly rPois Str+6 Int+5 Dex-2}
MPRegen 0.22/turn

%: harm (+30% outgoing, +20% incoming), reflection
@: flying, constricted, very slow
A: AC +5, large, see invisible, deformed body, poison resistance, slowness 2,
spit poison 1, naga tail 2
a: Spit Poison, Renounce Religion, Heroism, Finesse, Duel


You were on level 2 of the Snake Pit.
You worshipped Okawaru.
Okawaru was extremely pleased with you.
You visited 5 branches of the dungeon, and saw 25 of its levels.

You collected 3003 gold pieces.
You spent 834 gold pieces at shops.

Inventory:

Hand Weapons
 w - a +3 vampiric whip (weapon)
 I - a +4 hand axe of flaming
 Z - a +4 great mace
Armour
 m - the +2 cloak of the Valley of Death (worn) {Will+}
   (You found it on level 3 of the Dungeon)

   Will+:     It increases your willpower.
 y - the +10 Black Knight's barding (worn) {ponderous, rPois rN+}
   (Okawaru gifted it to you on level 2 of the Lair of Beasts)

   rPois:     It protects you from poison rN+: It protects you from negative
   energy.
 A - a +3 troll leather armour (worn)
 J - the +0 pair of gloves "Jyoduav" (worn) {Harm rElec rN+ Str+4}
   (You found it on level 4 of the Lair of Beasts)

   Str+4:     It affects your strength (+4).
   rElec:     It insulates you from electricity.
   rN+:       It protects you from negative energy.
   Harm:      It increases damage dealt and taken.
 P - the +1 leather armour "Kaezxirgh" {rF+ Will++ Regen+ Str-5}
   (You found it on level 4 of the Lair of Beasts)

   Str-5:     It affects your strength (-5).
   rF+:       It protects you from fire.
   Will++:    It greatly increases your willpower.
   Regen+:    It increases your rate of health regeneration.
 U - a +2 helmet (worn)
Jewellery
 e - a ring of wizardry
 o - a +5 ring of evasion (left hand)
 s - a +6 ring of intelligence
 v - a ring of protection from fire
 x - an amulet of reflection (around neck)
 L - a +5 ring of evasion
 M - a ring of magical power
 X - the ring "Ilezas" (right hand) {Fly rPois Str+6 Int+5 Dex-2}
   (You acquired it on level 15 of the Dungeon)

   [ring of strength]

   Str+6:     It affects your strength (+6).
   Int+5:     It affects your intelligence (+5).
   Dex-2:     It affects your dexterity (-2).
   rPois:     It protects you from poison Fly: It grants you flight.
Talismans
 Y - the serpent talisman of the Fife {rElec rCorr Dex+5 Slay-5}
   (You took it off Aizul on level 1 of the Snake Pit)

   [serpent talisman]

   Dex+5:     It affects your dexterity (+5).
   Slay-5:    It affects your accuracy & damage with ranged weapons and melee
   (-5).
   rElec:     It insulates you from electricity.
   rCorr:     It protects you from acid and corrosion.
Wands
 l - a wand of light (17)
 p - a wand of flame (24)
 D - a wand of iceblast (1)
 T - a wand of digging (7)
Scrolls
 a - a scroll of vulnerability
 c - 8 scrolls of teleportation
 d - 2 scrolls of enchant weapon
 f - a scroll of amnesia
 j - 8 scrolls of noise
 r - 4 scrolls of blinking
 t - a scroll of immolation
 u - 2 scrolls of summoning
 F - 3 scrolls of identify
 H - a scroll of revelation
 S - 3 scrolls of fog
 W - a scroll of enchant armour
Potions
 g - a potion of lignification
 h - 2 potions of curing
 i - 2 potions of heal wounds
 k - 3 potions of enlightenment
 n - 2 potions of mutation
 q - 2 potions of might
 z - a potion of berserk rage
 C - 2 potions of brilliance
 E - 4 potions of invisibility
 G - a potion of resistance
 K - a potion of magic
 O - a potion of haste
 Q - 2 potions of attraction
Miscellaneous
 b - a box of beasts


   Skills:
 * Level 12.3 Fighting
 * Level 2.9 Maces & Flails
 - Level 2.6 Throwing
 + Level 5.0 Armour
 + Level 9.0 Dodging
 - Level 1.5 Stealth
 - Level 0.9 Shields
 - Level 11.9 Spellcasting
 * Level 17.2 Fire Magic
 + Level 3.7 Air Magic
 - Level 1.0 Alchemy
 - Level 7.1 Invocations
 - Level 0.4 Evocations


You had 17 spell levels left.
You knew the following spells:

 Your Spells              Type           Power      Damage    Failure   Level
a - Foxfire               Conj/Fire      100%       2x1d9     1%          1
b - Sticky Flame          Fire/Alch      64%        2d11      1%          4
c - Flame Wave            Conj/Fire      62%        2d14      1%          4
d - Plasma Beam           Fire/Air       34%        2x1d47    7%          6
e - Starburst             Conj/Fire      31%        6d9       14%         6

Your spell library contained the following spells:

 Spells                   Type           Power      Damage    Failure   Level
 Shock                    Conj/Air       100%       1d9       1%          1
 Swiftness                Air            40%        N/A       1%          3
 Cigotuvi's Dreadful Rot  Necr/Alch/Air  54%        N/A       2%          2
 Static Discharge         Conj/Air       58%        3-6/arc   2%          2
 Blink                    Tloc           34%        N/A       4%          2
 Ensorcelled Hibernation  Hex/Ice        34%        N/A       4%          2
 Lesser Beckoning         Tloc           34%        N/A       4%          2
 Sublimation of Blood     Necr           17%        N/A       4%          2
 Airstrike                Air            20%        2d(3-19)  7%          4
 Fugue of the Fallen      Necr           17%        N/A       10%         3
 Gell's Gravitas          Tloc           17%        N/A       10%         3
 Teleport Other           Tloc           17%        N/A       10%         3
 Leda's Liquefaction      Alch/Erth      10%        N/A       26%         4
 Petrify                  Alch/Erth      20%        N/A       26%         4
 Anguish                  Hex/Necr       8%         N/A       32%         4
 Irradiate                Conj/Alch      10%        3d15      58%         5
 Ozocubu's Refrigeration  Ice            8%         4d9       100%        7
 Polar Vortex             Ice            8%         12d1*     100%        9
 Sculpt Simulacrum        Ice/Alch       Unusable   N/A       N/A         6

Dungeon Overview and Level Annotations

Branches:
Dungeon (15/15)            Temple (1/1) D:6            Lair (5/5) D:11
 Shoals (0/4) Lair:3        Snake (2/4) Lair:3        Slime (0/5) Lair:4
    Orc (2/2) D:10            Elf (0/3) Orc:2        Vaults (0/5) D:14
 Depths (0/4) D:15

Altars:
Ashenzari
Cheibriados
Dithmenos
Elyvilon
Fedhas
Gozag
Hepliaklqana
Kikubaaqudgha
Makhleb
Nemelex Xobeh
Okawaru
Qazlal
Ru
Sif Muna
Trog
Uskayaw
Vehumet
Wu Jian
Xom
Yredelemnul
Zin
The Shining One
Lugonu

Shops:
D:1 :   D:8 :   Orc:2 ((=[

Portals:
Abyss: Lair:5

Annotations:
D:9 1 exclusion
Lair:1 3 runed translucent doors, GrimJard's ghost, novice DrCj; MemoryDeluge's ghost, journeyman SpEn
Lair:5 1 runed translucent door, Axkuoc's ghost, journeyman FoFi


Innate Abilities, Weirdness & Mutations

Your serpentine skin is tough. (AC +5)
You have supernaturally acute eyesight. (SInv)
Armour fits poorly on your strangely shaped body.
Your system is resistant to poisons. (rPois)
You cover ground very slowly.
You can spit poison.
You can use your snake-like lower body to constrict enemies.


Message History

You block the naga warrior's attack. The naga warrior constricts you.
Unknown command.
Casting: Sticky Flame (mildly dangerous; 1% risk of failure)
Confirm with . or Enter, or press ? or * to list all spells.
Aiming: Sticky Flame (mildly dangerous; 1% risk of failure)
Press: ? - help, Shift-Dir - straight line, f/p - naga warrior
Aim: a naga warrior, wielding a +0 long sword and wearing a +2 kite shield (moderately wounded, constricting you, strong, covered in liquid flames)
The sticky flame hits the naga warrior but does no damage.
The naga warrior is moderately wounded.
The naga warrior burns!
The salamander closely misses you.
The naga warrior hits you with a +0 long sword!!!
The naga warrior constricts you.
Unknown command.
Casting: Sticky Flame (mildly dangerous; 1% risk of failure)
Confirm with . or Enter, or press ? or * to list all spells.
Aiming: Sticky Flame (mildly dangerous; 1% risk of failure)
Press: ? - help, Shift-Dir - straight line, f/p - naga warrior
Aim: a naga warrior, wielding a +0 long sword and wearing a +2 kite shield (heavily wounded, constricting you, strong, covered in liquid flames)
The sticky flame hits the naga warrior!
The naga warrior is heavily wounded.
The naga warrior burns!
The salamander closely misses you. The naga warrior spits poison at you.
The splash of poison misses you. The naga warrior constricts you.
Unknown command.
Casting: Sticky Flame (mildly dangerous; 1% risk of failure)
Confirm with . or Enter, or press ? or * to list all spells.
You don't have enough magic to cast this spell.
Unknown command.
Unknown command.
Unknown command.
You hit the naga warrior but do no damage.
You grab the naga warrior.
The naga warrior is severely wounded.
You constrict the naga warrior.
The naga warrior burns!
The salamander hits you from afar with a +0 halberd!
* * * LOW HITPOINT WARNING * * *
You are engulfed in flames!
* * * LOW HITPOINT WARNING * * *
The naga warrior hits you with a +0 long sword!!
You die...

##### #N@)#
#[†.# #.N)#
.......
.<.....#...
.......###...#
....... ###
.......
...##..


You could see a naga warrior (strong, burning) and a salamander (strong).

Vanquished Creatures
  Jorgrun (D:13)
  Kirke (D:14)
  Aizul (Snake:1)
  The ghost of Ecig the Metamorph, a journeyman DrSh of Ru (Orc:1)
  Azrael (D:14)
  Snorg (D:13)
  Josephine (Orc:1)
  4 vault guards (D:14)
  6 hydras
  Fannar (D:11)
  A death knight (D:15)
  2 boulder beetles
  5 centaur warriors
  2 two-headed ogres (D:12)
  Erica (D:8)
  A deep troll earth mage (D:15)
  3 naga warriors
  2 orc high priests (Orc:2)
  3 thrashing horrors (Lair:5)
  A naga sharpshooter (Snake:1)
  Sonja (Lair:5)
  The ghost of Invocatus the Skirmisher, a novice NaHu of Cheibriados (D:7)
  The ghost of Returnofthet the Twirler, a novice DrSh of Wu Jian (D:7)
  The ghost of senseless the Changeling, a novice DrSh of the Shining One (D:7)
  A skeletal warrior (D:15)
  A skyshark (Lair:3)
  The ghost of Vorhees the Poker, a novice FoFi of Nemelex Xobeh (D:7)
  2 sea snakes (Snake:1)
  3 deep elf pyromancers
  2 large abominations (Lair:5)
  8 ugly things
  An orc knight (D:15)
  5 orc sorcerers (Orc:2)
  A salamander (Snake:1)
  A cyclops (Orc:1)
  A manticore (D:12)
  A meliai (shapeshifter) (D:14)
  2 guardian serpents (Snake:1)
  17 elephants
  A torpor snail (Lair:4)
  A naga mage (Snake:1)
  12 black mambas
  A merfolk siren (Lair:3)
  3 gargoyles
  A smoke demon (Lair:5)
  2 unseen horrors
  9 cane toads
  6 komodo dragons
  2 rime drakes
  3 tengu conjurers
  A merfolk (Lair:3)
  6 trolls
  Prince Ribbit (D:8)
  3 polar bears
  A wind drake (shapeshifter) (Lair:5)
  10 blink frogs
  2 raiju (Lair:5)
  24 dream sheep
  A snapping turtle (shapeshifter) (D:14)
  9 slime creatures
  A spriggan (Lair:5)
  A ynoxinul (Lair:5)
  2 shadows (D:13)
  A centaur simulacrum (D:14)
  A vampire (D:13)
  11 wraiths
  2 wyverns
  5 humans (D:14)
  10 basilisks
  3 fire elementals (D:13)
  40 yaks
  3 wargs
  Grum (D:8)
  5 vampire mosquitoes
  2 hogs (D:14)
  3 chaos spawn (Lair:5)
  11 nagas
  16 water moccasins
  3 acid dragons
  3 hell hounds
  17 orc warriors
  5 sky beasts
  2 black bears
  An ice beast (D:7)
  4 ogres
  23 wolves
  10 small abominations (Lair:5)
  12 centaurs
  2 kobold brigands (D:6)
  13 bullfrogs
  A gnoll sergeant (D:8)
  A scorpion (D:6)
  5 wights (D:8)
  3 killer bees (D:8)
  2 howler monkeys (D:11)
  19 electric eels
  3 lava snakes (Lair:3)
  18 orc priests
  3 hounds
  2 jellies
  2 gnoll boudas
  3 sleepcaps
  An iguana (D:5)
  35 orc wizards
  5 hell rats (Lair:5)
  11 gnolls
  4 adders
  10 river rats (Lair:5)
  2 ufetubi (D:7)
  2 dart slugs
  A ribbon worm (D:2)
  53 orcs
  2 bats
  6 endoplasms
  4 giant cockroaches
  5 goblins
  7 hobgoblins
  11 jackals
  9 kobolds
  7 quokkas
  6 ball pythons
  2 frilled lizards
  10 rats
657 creatures vanquished.

Vanquished Creatures (others)
  434 foxfires
434 creatures vanquished.

Grand Total: 1091 creatures vanquished

Notes
Turn   | Place    | Note
-------+----------+-------------------------------------------
     0 | D:1      | vcxz the Naga Wanderer began the quest for the Orb.
     0 | D:1      | vcxz set off with the following items: a +0 dagger, 8
                  | poisoned darts, a potion of lignification, a +0 robe; and
                  | the following spell memorised: Foxfire; and the following
                  | spells available to memorise: Static Discharge, Cigotuvi's
                  | Dreadful Rot, Flame Wave, Sticky Flame.
     0 | D:1      | Reached XP level 1. HP: 15/15 MP: 2/2
    92 | D:1      | Reached skill level 1 in Fighting
   106 | D:1      | Reached XP level 2. HP: 25/25 MP: 3/3
   332 | D:1      | Found Retociwna's Book Shoppe.
   416 | D:1      | Found a faded altar of an unknown god.
   900 | D:1      | Reached XP level 3. HP: 26/32 MP: 1/4
  1437 | D:2      | Found a sparkling altar of Nemelex Xobeh.
  2602 | D:3      | Reached XP level 4. HP: 31/39 MP: 3/6
  2984 | D:3      | Identified the +2 cloak of the Valley of Death {Will+}
  3307 | D:3      | Learned a level 4 spell: Sticky Flame
  3483 | D:4      | Noticed a bullfrog
  3489 | D:4      | Killed a bullfrog
  3490 | D:4      | Reached skill level 4 in Fire Magic
  3490 | D:4      | Reached XP level 5. HP: 39/49 MP: 4/7
  4331 | D:5      | Entered Level 5 of the Dungeon
  4331 | D:5      | Noticed a black bear
  4377 | D:5      | Noticed an ogre
  4423 | D:5      | Killed a black bear
  4424 | D:5      | Reached XP level 6. HP: 57/57 MP: 2/9
  4529 | D:5      | Reached XP level 7. HP: 56/64 MP: 1/10
  4848 | D:5      | Reached skill level 5 in Fire Magic
  5212 | D:5      | Reached skill level 1 in Alchemy
  5680 | D:6      | Found a shimmering altar of Xom.
  6080 | D:6      | Reached XP level 8. HP: 70/73 MP: 7/13
  6296 | D:6      | Found a sparkling altar of Nemelex Xobeh.
  6301 | D:6      | Found a bloodstained altar of Trog.
  6304 | D:6      | Found a stormy altar of Qazlal.
  6307 | D:6      | Found a blossoming altar of Fedhas.
  6312 | D:6      | Found an ancient bone altar of Kikubaaqudgha.
  6347 | D:6      | Reached skill level 6 in Fire Magic
  6496 | D:6      | Found a staircase to the Ecumenical Temple.
  6518 | Temple   | Entered the Ecumenical Temple
  6558 | Temple   | Became a worshipper of Warmaster Okawaru
  7056 | D:7      | Reached skill level 5 in Fighting
  7671 | D:7      | Reached skill level 7 in Fire Magic
  7712 | D:7      | Learned a level 4 spell: Flame Wave
  7801 | D:7      | Found a runed translucent gate.
  7801 | D:7      | Found a runed translucent gate.
  7801 | D:7      | Found a runed translucent gate.
  7803 | D:7      | Noticed senseless's ghost (novice DrSh)
  7803 | D:7      | Noticed Returnofthet's ghost (novice DrSh)
  7803 | D:7      | Noticed Vorhees's ghost (novice FoFi)
  7803 | D:7      | Noticed Invocatus's ghost (novice NaHu)
  8221 | D:7      | Reached * piety under Okawaru
  8404 | D:7      | Reached XP level 9. HP: 81/81 MP: 10/15
  8837 | D:8      | Noticed Erica
  8842 | D:8      | Killed Erica
  8843 | D:8      | Reached skill level 5 in Spellcasting
  8843 | D:8      | Reached skill level 8 in Fire Magic
  9104 | D:8      | Found Patwaik's Vocational Training.
  9191 | D:8      | Reached ** piety under Okawaru
  9192 | D:8      | Reached skill level 9 in Fire Magic
  9443 | D:8      | Noticed Prince Ribbit
  9448 | D:8      | Killed Prince Ribbit
  9526 | D:8      | Noticed a troll
  9531 | D:8      | Killed a troll
  9532 | D:8      | Reached XP level 10. HP: 92/92 MP: 12/19
  9851 | D:8      | Reached skill level 10 in Fire Magic
 10160 | D:8      | Reached *** piety under Okawaru
 10633 | D:8      | Noticed Grum
 10647 | D:8      | Killed Grum
 12501 | D:10     | Entered Level 10 of the Dungeon
 12769 | D:10     | Reached **** piety under Okawaru
 12770 | D:10     | Noticed a gargoyle
 12780 | D:10     | Killed a gargoyle
 13321 | D:10     | Found a staircase to the Orcish Mines.
 13355 | D:10     | Reached skill level 1 in Armour
 14026 | D:11     | Reached skill level 11 in Fire Magic
 14570 | D:11     | Reached XP level 11. HP: 100/100 MP: 12/22
 14723 | D:11     | Identified the +1 robe of Protective Custody {rF- MP-9
                  | Dex+7 SInv}
 14783 | D:11     | Noticed Fannar
 14790 | D:11     | Killed Fannar
 15533 | D:11     | Found a staircase to the Lair.
 15721 | D:11     | Noticed a red ugly thing
 15728 | D:11     | Killed a purple ugly thing
 15728 | D:11     | Reached ***** piety under Okawaru
 16427 | Lair:1   | Entered Level 1 of the Lair of Beasts
 16437 | Lair:1   | Reached skill level 12 in Fire Magic
 17001 | Lair:1   | Found a sacrificial altar of Ru.
 17457 | Lair:1   | Found a runed translucent gate.
 17603 | Lair:1   | Found a runed translucent gate.
 17604 | Lair:1   | Found a runed translucent gate.
 17605 | Lair:1   | Noticed MemoryDeluge's ghost (journeyman SpEn)
 17605 | Lair:1   | Noticed GrimJard's ghost (novice DrCj)
 17636 | Lair:1   | Reached XP level 12. HP: 76/111 MP: 5/24
 18175 | Lair:1   | Reached skill level 13 in Fire Magic
 18194 | Lair:1   | Learned a level 6 spell: Plasma Beam
 18690 | Lair:2   | Received a gift from Okawaru
 18929 | Lair:2   | Noticed a death yak
 19803 | Lair:2   | Reached skill level 5 in Dodging
 20154 | Lair:2   | Reached ****** piety under Okawaru
 20157 | Lair:2   | Received a gift from Okawaru
 20397 | Lair:2   | Acquired a +4 hand axe of flaming
 20397 | Lair:2   | Received a gift from Okawaru
 20403 | Lair:2   | Acquired the +10 Black Knight's barding {ponderous, rPois
                  | rN+}
 20403 | Lair:2   | Received a gift from Okawaru
 20403 | Lair:2   | Found the +10 Black Knight's barding {ponderous, rPois rN+}
 20560 | Lair:2   | Noticed a death yak
 20560 | Lair:2   | Noticed a death yak
 20560 | Lair:2   | Noticed a death yak
 20560 | Lair:2   | Noticed a death yak
 20695 | Lair:3   | Reached skill level 14 in Fire Magic
 20971 | Lair:3   | Noticed a skyshark
 20983 | Lair:3   | Killed a skyshark
 20984 | Lair:3   | Reached skill level 1 in Invocations
 21008 | Lair:3   | Noticed a seven-headed hydra
 21027 | Lair:3   | Killed a four-headed hydra
 21028 | Lair:3   | Reached skill level 10 in Spellcasting
 21062 | Lair:3   | Gained mutation: You can use your snake-like lower body to
                  | constrict enemies. [Naga growth]
 21062 | Lair:3   | Reached XP level 13. HP: 109/121 MP: 9/27
 21347 | Lair:3   | Found a staircase to the Snake Pit.
 21995 | Lair:3   | Received a gift from Okawaru
 22081 | Lair:3   | Found a staircase to the Shoals.
 22525 | Lair:4   | Identified the +1 leather armour "Kaezxirgh" {rF+ Will++
                  | Regen+ Str-5}
 22816 | Lair:4   | Found a transporter.
 22887 | Lair:4   | Found a staircase to the Slime Pits.
 23008 | Lair:4   | Found a transporter.
 23482 | Lair:5   | Entered Level 5 of the Lair of Beasts
 23894 | Lair:5   | Found a runed translucent door.
 23894 | Lair:5   | Noticed Axkuoc's ghost (journeyman FoFi)
 23920 | Lair:5   | Reached skill level 10 in Fighting
 23931 | Lair:5   | Received a gift from Okawaru
 24153 | Lair:5   | Noticed Sonja
 24175 | Lair:5   | Killed Sonja
 24232 | Lair:5   | Reached skill level 5 in Invocations
 24399 | Lair:5   | Reached XP level 14. HP: 49/132 MP: 28/28
 24567 | Lair:5   | Learned a level 6 spell: Starburst
 24821 | Lair:5   | Reached skill level 15 in Fire Magic
 24891 | Lair:5   | Received a gift from Okawaru
 25825 | Lair:5   | Received a gift from Okawaru
 25890 | Lair:5   | Found a corrupted altar of Lugonu.
 25890 | Lair:5   | Found a one-way gate to the infinite horrors of the Abyss.
 26780 | Lair:4   | Identified the +0 pair of gloves "Jyoduav" {Harm rElec rN+
                  | Str+4}
 27105 | D:7      | Killed senseless's ghost
 27105 | D:7      | Killed Invocatus's ghost
 27141 | D:7      | Killed Vorhees's ghost
 27277 | D:7      | Killed Returnofthet's ghost
 28156 | D:12     | Got the Annotations on Arsenical Transposition
 28300 | D:12     | Received a gift from Okawaru
 28656 | D:13     | Noticed Snorg
 28663 | D:13     | Killed Snorg
 28942 | D:13     | Identified a scroll of acquirement
 28942 | D:13     | Acquired 573 gold pieces
 28955 | D:13     | Found a glowing golden altar of the Shining One.
 29343 | D:13     | Noticed Jorgrun
 29353 | D:13     | Killed Jorgrun
 29428 | D:14     | Noticed Azrael
 29431 | D:14     | Reached XP level 15. HP: 128/142 MP: 22/30
 29439 | D:13     | Received a gift from Okawaru
 29632 | Orc:1    | Entered Level 1 of the Orcish Mines
 29752 | Orc:1    | Noticed Ecig's ghost (journeyman DrSh)
 29773 | Orc:1    | Noticed Josephine
 29802 | Orc:1    | Killed Josephine
 29899 | Orc:1    | Reached skill level 16 in Fire Magic
 29999 | Orc:1    | Found a runed translucent door.
 30232 | Orc:1    | Killed Ecig's ghost
 30297 | Orc:2    | Entered Level 2 of the Orcish Mines
 30297 | Orc:2    | Found a staircase to the Elven Halls.
 30972 | Orc:2    | Found Leolo's Weapon Shop.
 30972 | Orc:2    | Found Powkoop's Jewellery Boutique.
 30973 | Orc:2    | Found Cuwk's Antique Armour Boutique.
 30977 | Orc:2    | Found Jafixemas's Antique Weapon Shop.
 30983 | Orc:2    | Bought an amulet of reflection for 510 gold pieces
 30995 | Orc:2    | Bought a runed orb for 324 gold pieces
 31912 | D:14     | Received a gift from Okawaru
 31916 | D:14     | Killed Azrael
 32072 | D:14     | Noticed Kirke
 32263 | D:14     | Killed Kirke
 32890 | D:14     | Found a gate to the Vaults.
 33495 | D:15     | Entered Level 15 of the Dungeon
 34335 | D:15     | Reached skill level 5 in Armour
 34787 | D:15     | Received a gift from Okawaru
 35161 | D:15     | Acquired the ring "Ilezas" {Fly rPois Str+6 Int+5 Dex-2}
 35176 | D:15     | Found a staircase to the Depths.
 35568 | Snake:1  | Entered Level 1 of the Snake Pit
 35627 | Snake:1  | Identified the serpent talisman of the Fife {rElec rCorr
                  | Dex+5 Slay-5}
 35627 | Snake:1  | Noticed Aizul
 35638 | Snake:1  | Killed Aizul
 35666 | Snake:1  | Reached skill level 17 in Fire Magic
 35871 | Snake:1  | Reached skill level 1 in Maces & Flails
 36076 | Snake:1  | Reached XP level 16. HP: 112/153 MP: 3/31
 36915 | Snake:2  | Mangled by a naga warrior

Illustrated notes

Levels and vault maps discovered:
D:1:      arrival_zaba_pyramid, layout_basic,
          hellmonk_ecumenical_altar_dog_temple, serial_shops, shop
D:2:      layout_basic, basic_altar
D:3:      layout_basic
D:4:      layout_loops_ring
D:5:      layout_loops_ring, minmay_misc_feat_chi, palyth_stone_intersect
D:6:      layout_basic, nicolae_overflow_hallway_of_the_gods,
          minmay_temple_entry_arrows, nicolae_figureground_sparkle
D:7:      layout_loops_ring, gammafunk_ghost_cemetery
D:8:      layout_gridville, nicolae_shop_vocational, uniq_prince_ribbit1,
          uniq_erica, uniq_grum
D:9:      layout_basic, serial_rivers, chequers_serial_rivers_marsh,
          chequers_serial_rivers_large_b, chequers_serial_rivers_micro_a,
          chequers_serial_rivers_micro_c
D:10:     layout_gridville, david_orc_1_choice
D:11:     layout_stronghold, erik_lair_island, uniq_fannar
D:12:     layout_grid_maze, grunt_ministairs_13
D:13:     layout_rooms, tso_oasis_becter, uniq_jorgrun, uniq_snorg
D:14:     layout_loops_cross, lightli_vaults_fourway_checkpoint, nrook_uturn,
          uniq_kirke, uniq_azrael
D:15:     hellmonk_depths_entry_around_the_bend, layout_gridville,
          serial_bayou_pond_c
Temple:   lightli_temple_of_artemis
Lair:1:   layout_loops_ring, gammafunk_ghost_cemetery, basic_altar
Lair:2:   layout_cave_pods, small_statue_intersection,
          nicolae_quartered_pool_medium
Lair:3:   layout_loops_ring, elwin_shoals_entry_rooms,
          nicolae_snake_entry_warm_welcome, serial_forest,
          infiniplex_forest_side_room, infiniplex_forest_straight_3,
          infiniplex_forest_3_way, infiniplex_forest_lined_ring,
          infiniplex_forest_lined_3, infiniplex_forest_corner_1,
          pdpol_lair_neglected_garden, grunt_forest_large_clearing_hut
Lair:4:   gammafunk_worm_tunnel, layout_long_grid, slime_entry_1
Lair:5:   hellmonk_lair_end_abyssal_woods, layout_long_grid,
          gammafunk_ghost_grave, kennysheep_abandoned_house, uniq_sonja
Snake:1:  layout_basic, hangedman_snake_thin_pillar_pass, uniq_aizul
Snake:2:  gammafunk_the_bubble [the_bubble_gammafunk_roulette],
          layout_misc_corridors
Orc:1:    layout_caves, hellmonk_ghost_happy_afterlife, uniq_josephine
Orc:2:    st_orc_mages, layout_caves, nicolae_orc_found_a_spring

Skill      XL: |  1  2  3  4  5  6  7  8  9 10 11 12 13 14 15 16 |
---------------+-------------------------------------------------+-----
Fighting       | 1 2 3 4 5 6 7 8 9 10 11 12 | 12.3
Fire Magic     | 4 5 7 9 11 12 14 15 17 | 17.2
Spellcasting   | 2 3 4 6 7 8 10 11 | 11.9
Dodging        | 2 3 4 5 7 8 9 |  9.0
Alchemy        | 1 |  1.0
Armour         | 1 2 3 4 5 |  5.0
Invocations    | 1 5 7 |  7.1
Air Magic      | 3 |  3.7
Maces & Flails | 1 2 |  2.9
Throwing       | |  2.6
Stealth        | |  1.5
Shields        | |  0.9
Evocations     | |  0.4

Action                     |  1- 3 |  4- 6 |  7- 9 | 10-12 | 13-15 | 16-18 || total
---------------------------+-------+-------+-------+-------+-------+-------++-------
  Melee: Dagger            |     4 |       |       |       |       |       ||     4
         Spear             |    13 |       |       |       |       |       ||    13
         Mace              |    33 |       |       |       |       |       ||    33
         Punch             |     1 |       |     4 |    26 |   199 |     8 ||   238
         Trident           |     8 |    69 |    34 |       |       |       ||   111
         Whip              |       |       |    56 |   285 |  1034 |    48 ||  1423
         Staff             |       |       |       |     8 |       |       ||     8
         Hand axe          |       |       |       |    12 |   405 |       ||   417
         Constrict         |       |       |       |       |   174 |    11 ||   185
  Throw: Dart              |     2 |       |     1 |       |       |       ||     3
   Cast: Foxfire           |    50 |    33 |    47 |    79 |    63 |     3 ||   275
         Sticky Flame      |       |     2 |    38 |   146 |   125 |    10 ||   321
         Flame Wave        |       |       |     1 |     8 |     2 |       ||    11
         Plasma Beam       |       |       |       |     5 |    59 |     2 ||    66
         Starburst         |       |       |       |       |    13 |     2 ||    15
 Invoke: Heroism           |       |       |       |     1 |    10 |       ||    11
         Receive Weapon    |       |       |       |     1 |       |       ||     1
         Receive Armour    |       |       |       |     1 |       |       ||     1
Ability: Spit Poison       |    26 |    18 |    35 |    35 |    11 |       ||   125
  Evoke: Wand              |       |       |     4 |     7 |    13 |       ||    24
    Use: Scroll            |       |     2 |     6 |    14 |     7 |     1 ||    30
         Potion            |       |     3 |     3 |     2 |     8 |       ||    16
   Stab: Sleeping          |       |     1 |       |       |       |       ||     1
         Distracted        |       |       |       |       |     1 |       ||     1
 Armour: Robe              |    97 |    63 |   117 |       |       |       ||   277
         Skin              |       |    37 |       |       |       |       ||    37
         Troll leather arm |       |       |       |   531 |  1700 |    86 ||  2317
  Dodge: Dodged            |    54 |    41 |    74 |   538 |  1750 |    39 ||  2496
  Block: Other             |       |       |       |       |    64 |    11 ||    75
         Reflection        |       |       |       |       |     5 |     1 ||     6

Table legend: (Time is in decaauts)
 A = Elapsed time spent in this place.
 B = Non-inter-level travel time spent in this place.
 C = Inter-level travel time spent in this place.
 D = Time resting spent in this place.
 E = Time spent auto-exploring this place.
 F = Levels seen in this place.
 G = Mean time per level.
                   A        B        C        D        E       F      G
               +--------+--------+--------+--------+--------+-----+--------+
         Total |  44632 |  42575 |   2057 |  14535 |  20695 |  25 | 1785.3 |
       Dungeon |  27513 |  26101 |   1412 |   9379 |  13134 |  15 | 1834.2 |
        Temple |    297 |    297 |      0 |    200 |      0 |   1 |  297.0 |
          Lair |  12638 |  12177 |    461 |   4068 |   5383 |   5 | 2527.6 |
     Snake Pit |   1660 |   1634 |     26 |    504 |    750 |   2 |  830.0 |
  Orcish Mines |   2522 |   2366 |    156 |    383 |   1426 |   2 | 1261.0 |
               +--------+--------+--------+--------+--------+-----+--------+

Top non-repeatable levels by time:
  Lair:5: 3690 daAuts
    D:11: 2986 daAuts
  Lair:1: 2598 daAuts
     D:7: 2525 daAuts
  Lair:3: 2459 daAuts
     D:8: 2432 daAuts
  Lair:2: 2192 daAuts
    D:15: 2189 daAuts
    D:10: 1992 daAuts
    D:13: 1943 daAuts
     D:9: 1843 daAuts
    D:14: 1706 daAuts
  Lair:4: 1697 daAuts
 Snake:1: 1633 daAuts
     D:5: 1610 daAuts
